 Dungeon Crawl Stone Soup version 0.31.0-12-g77e489cdc1 (webtiles) character file.

Game seed: 4055108474122938224

8722 Arctor the Nimble (level 11, -6/54 HPs)
             Began as a Deep Elf Fire Elementalist on Feb 25, 2024.
             Was a Priest of Vehumet.
             Mangled by a cane toad (21 damage)
             ... on level 1 of the Lair of Beasts.
             The game lasted 00:23:25 (13751 turns).

Arctor the Nimble (Deep Elf Fire Elementalist)     Turns: 13751, Time: 00:23:26

Health: -6/54      AC:  5    Str:  5    XL:     11   Next: 13%
Magic:  22/22      EV: 19    Int: 25    God:    Vehumet [***...]
Gold:   529        SH:  0    Dex: 15    Spells: 10/22 levels left

rFire   + . .        x - +5 hammer of Punyl {freeze, rElec rCorr SInv}
rCold   . . .        (no shield)
rNeg    . . .        a - +0 robe
rPois   +            (no helmet)
rElec   +            f - +0 cloak {rPois}
rCorr   +            C - +0 pair of gloves
SInv    +            E - +0 pair of boots
Will    +....        r - amulet of the acrobat
Stlth   +++          l - ring of fire
HPRegen 0.29/turn    w - ring of protection from cold
MPRegen 0.18/turn

%: acrobat
@: no status effects
A: talons 1
a: Renounce Religion


You were on level 1 of the Lair of Beasts.
You worshipped Vehumet.
Vehumet was most pleased with you.
You visited 4 branches of the dungeon, and saw 12 of its levels.

You collected 529 gold pieces.

Inventory:

Hand Weapons
 m - the +1 quarterstaff of Yvesej {freeze, rElec Str+3 Int+2 Dex+3}
   (You found it on level 3 of the Dungeon)

   Str+3:     It affects your strength (+3).
   Int+2:     It affects your intelligence (+2).
   Dex+3:     It affects your dexterity (+3).
   rElec:     It insulates you from electricity.
 q - a +2 dagger of speed
 x - the +5 hammer of Punyl (weapon) {freeze, rElec rCorr SInv}
   (You found it on level 5 of the Dungeon)

   rElec:     It insulates you from electricity.
   SInv:      It lets you see invisible.
   rCorr:     It protects you from acid and corrosion.
 y - the +8 hammer of the Undead {holy, +Blink rN+}
   (You found it on level 5 of the Dungeon)

   rN+:       It protects you from negative energy.
   +Blink:    It lets you blink.
Missiles
 c - 2 throwing nets
Armour
 a - a +0 robe (worn)
 f - a +0 cloak of poison resistance (worn)
 j - a +0 cloak
 C - a +0 pair of gloves (worn)
 E - a +0 pair of boots (worn)
Jewellery
 l - a ring of fire (left hand)
 o - an amulet of reflection
 r - an amulet of the acrobat (around neck)
 w - a ring of protection from cold (right hand)
 A - a +6 ring of strength
 D - an amulet of faith
Wands
 s - a wand of polymorph (8)
 B - a wand of charming (12)
 F - a wand of roots (5)
Scrolls
 d - a scroll of enchant armour
 e - 3 scrolls of enchant weapon
 g - 3 scrolls of torment
 i - a scroll of amnesia
 k - 3 scrolls of fog
 n - 2 scrolls of vulnerability
 p - 3 scrolls of brand weapon
 v - a scroll of noise
 z - a scroll of immolation
 G - a scroll of blinking
 H - a scroll of teleportation {unknown}
Potions
 t - 2 potions of attraction
 u - 2 potions of might
Miscellaneous
 I - a box of beasts


   Skills:
 + Level 13.2 Dodging
 - Level 6.3 Stealth
 - Level 6.4 Spellcasting
 - Level 4.9 Conjurations
 + Level 12.4 Fire Magic


You had 10 spell levels left.
You knew the following spells:

 Your Spells              Type           Power      Damage    Failure   Level
a - Foxfire               Conj/Fire      100%       2x1d9     1%          1
b - Scorch                Fire           100%       2d9       1%          2
c - Volatile Blastmotes   Fire/Tloc      100%       2d18      1%          3
d - Flame Wave            Conj/Fire      67%        2d15      1%          4
e - Searing Ray           Conj           64%        2d6       1%          2

Your spell library contained the following spells:

 Spells                   Type           Power      Damage    Failure   Level
 Sticky Flame             Fire/Alch      56%        2d10      1%          4
 Inner Flame              Hex/Fire       56%        N/A       1%          3
 Irradiate                Conj/Alch      10%        3d15      19%         5
 Fugue of the Fallen      Necr           8%         N/A       22%         3
 Ozocubu's Armour         Ice            8%         N/A       22%         3
 Summon Ice Beast         Ice/Summ       8%         N/A       22%         3
 Ignition                 Fire           40%        3d12      54%         8
 Manifold Assault         Tloc           8%         N/A       56%         4
 Summon Mana Viper        Hex/Summ       8%         N/A       89%         5
 Monstrous Menagerie      Summ           4%         N/A       100%        7


Dungeon Overview and Level Annotations

Branches:
Dungeon (9/15)             Temple (1/1) D:4            Lair (1/5) D:8
    Orc (1/2) D:9

Altars:
Cheibriados
Dithmenos
Elyvilon
Fedhas
Gozag
Hepliaklqana
Kikubaaqudgha
Makhleb
Nemelex Xobeh
Okawaru
Qazlal
Ru
Sif Muna
Trog
Uskayaw
Vehumet
Wu Jian
Xom
Zin
The Shining One

Shops:
D:8 =

Annotations:
D:6 exclusion: downstairs
D:8 exclusion: downstairs


Innate Abilities, Weirdness & Mutations

You have sharp toenails.


Message History

The cane toad is no longer more vulnerable to fire.
The foxfire hits the cane toad but does no damage.
The cane toad is severely wounded.
The foxfire hits the cane toad.
The cane toad is severely wounded.
The cane toad stings you! The cane toad stings you.
You are poisoned.
The cane toad poisons you!
Unknown command.
Casting: Foxfire (safe; 1% risk of failure)
Confirm with . or Enter, or press ? or * to list all spells.
You feel a surge of power!
Flames lash the cane toad.
The cane toad is almost dead.
The cane toad's fire resistance burns away.
You feel very sick.
A nearby fungus withers and dies.
The cane toad misses you.
Casting: Scorch (safe; 1% risk of failure)
Confirm with . or Enter, or press ? or * to list all spells.
You don't know that spell.
You feel very sick.
Casting: Scorch (safe; 1% risk of failure)
Confirm with . or Enter, or press ? or * to list all spells.
Okay, then.
You hit the cane toad. You freeze the cane toad.
The cane toad is almost dead.
You feel very sick. The cane toad stings you. The cane toad barely misses you.
You feel very sick.
The cane toad attacks as it pursues you!
The cane toad misses you.
You feel sick.
The cane toad attacks as it pursues you!
The cane toad completely misses you. Magic courses through your body.
You feel sick.
The cane toad is no longer more vulnerable to fire.
The cane toad closely misses you. The cane toad stings you!
* * * LOW HITPOINT WARNING * * *
You feel better. The cane toad barely misses you.
The cane toad closely misses you. The cane toad stings you!!
You die...

..##...... ..##..... ......
........ ....... ..#...P
...... ..##..# ....# .
..##..# .# ##..# ..
..##..#####.######...###...
.......P##.......F.........
..##............@F.........
..###.......######..:......
..##........# ##.....##.##
..###.......## #.......#
..# #..P###..###.......#
..###...###..............#
.........##...............
...........................
........###................


You could see 2 cane toads.

Vanquished Creatures
  A two-headed ogre (D:9)
  Pikel (D:6)
  A cane toad (Lair:1)
  A troll (D:8)
  The ghost of Farjai the Apothecary, an amateur DsAl of Nemelex Xobeh (D:4)
  A wyvern (D:9)
  11 yaks
  A human (D:9)
  A warg (D:9)
  Edmund (D:4)
  Duvessa (D:5)
  2 water moccasins
  An acid dragon (D:9)
  A black bear (D:6)
  5 orc warriors
  4 ice beasts
  2 wolves (D:8)
  4 centaurs
  4 kobold brigands
  2 lemures (D:6)
  2 bullfrogs
  A gnoll sergeant (D:9)
  Blork the orc (D:5)
  3 scorpions
  7 wights (D:8)
  Dowan (D:5)
  4 killer bees
  2 electric eels (D:8)
  8 howler monkeys
  5 hounds
  3 jellies
  Crazy Yiuf (D:5)
  11 orc priests
  2 sleepcaps
  5 iguanas
  9 orc wizards
  A bullfrog simulacrum (D:4)
  A scorpion simulacrum (D:4)
  10 gnolls
  5 adders
  A hound simulacrum (D:4)
  3 white imps
  2 ufetubi (D:5)
  A dart slug (D:2)
  A ribbon worm (D:2)
  2 adder simulacra (D:4)
  33 orcs
  9 endoplasms
  2 giant cockroaches
  7 goblins
  5 hobgoblins
  4 quokkas
  5 ball pythons
  3 bats
  2 frilled lizards
  23 kobolds
  A quokka simulacrum (D:4)
  8 rats
240 creatures vanquished.

Vanquished Creatures (others)
  A kobold (D:9)
  1044 foxfires
1045 creatures vanquished.

Grand Total: 1285 creatures vanquished

Notes
Turn   | Place    | Note
-------+----------+-------------------------------------------
     0 | D:1      | Arctor the Deep Elf Fire Elementalist began the quest for
                  | the Orb.
     0 | D:1      | Reached XP level 1. HP: 10/10 MP: 6/6
   208 | D:1      | Found a faded altar of an unknown god.
  1123 | D:2      | Reached XP level 2. HP: 15/15 MP: 2/8
  1128 | D:2      | Learned a level 2 spell: Scorch
  1576 | D:2      | Reached XP level 3. HP: 19/19 MP: 6/9
  1737 | D:2      | Learned a level 3 spell: Volatile Blastmotes
  1993 | D:3      | Identified the +1 quarterstaff of Yvesej {freeze, rElec
                  | Str+3 Int+2 Dex+3}
  2010 | D:3      | Reached skill level 3 in Dodging
  3200 | D:4      | Reached XP level 4. HP: 4/24 MP: 2/11
  3452 | D:4      | Found a runed translucent gate.
  3453 | D:4      | Found a runed translucent gate.
  3454 | D:4      | Found a runed translucent gate.
  3489 | D:4      | Noticed Edmund
  3692 | D:4      | Killed Edmund
  3693 | D:4      | Reached XP level 5. HP: 7/28 MP: 1/13
  4047 | D:4      | Noticed an ice beast
  4077 | D:4      | Reached skill level 4 in Dodging
  4077 | D:4      | Reached XP level 6. HP: 32/32 MP: 9/14
  4312 | D:4      | Found a staircase to the Ecumenical Temple.
  4571 | D:4      | Noticed Farjai's ghost (amateur DsAl)
  4571 | D:4      | Noticed an ice beast
  4654 | D:4      | Gained mutation: You have sharp toenails. [potion of
                  | mutation]
  4710 | Temple   | Entered the Ecumenical Temple
  4713 | Temple   | Killed an ice beast
  4722 | Temple   | Became a worshipper of Vehumet
  4770 | Temple   | Killed an ice beast
  4771 | Temple   | Reached skill level 5 in Spellcasting
  4886 | D:4      | Killed Farjai's ghost
  4887 | D:4      | Reached skill level 5 in Stealth
  4887 | D:4      | Reached skill level 5 in Fire Magic
  4887 | D:4      | Reached XP level 7. HP: 13/36 MP: 3/17
  5048 | D:4      | Reached skill level 5 in Dodging
  5168 | D:5      | Entered Level 5 of the Dungeon
  5463 | D:5      | Noticed Duvessa
  5571 | D:5      | Noticed Dowan
  5581 | D:5      | Killed Duvessa
  5581 | D:5      | Killed Dowan
  5582 | D:5      | Reached XP level 8. HP: 20/41 MP: 3/19
  5737 | D:5      | Identified the +0 ring mail "Xerimaor" {Int-4 Slay+4}
  6025 | D:5      | Noticed Blork the orc
  6044 | D:5      | Killed Blork the orc
  6204 | D:5      | Reached * piety under Vehumet
  6204 | D:5      | Offered knowledge of Freeze by Vehumet.
  6294 | D:5      | Identified the +5 hammer of Punyl {freeze, rElec rCorr
                  | SInv}
  6299 | D:5      | Found a runed translucent door.
  6300 | D:5      | Noticed Crazy Yiuf
  6305 | D:5      | Killed Crazy Yiuf
  6306 | D:5      | Reached skill level 6 in Dodging
  6311 | D:5      | Identified the +8 hammer of the Undead {holy, +Blink rN+}
  7483 | D:6      | Reached skill level 7 in Dodging
  7855 | D:6      | Noticed Pikel
  7865 | D:6      | Killed Pikel
  7866 | D:6      | Reached skill level 8 in Dodging
  7866 | D:6      | Reached XP level 9. HP: 45/45 MP: 5/20
  8479 | D:6      | Learned a level 4 spell: Flame Wave
  9064 | D:7      | Reached skill level 9 in Dodging
  9732 | D:7      | Reached skill level 10 in Dodging
 10396 | D:7      | Offered knowledge of Searing Ray by Vehumet.
 10400 | D:7      | Learned a level 2 spell: Searing Ray
 10473 | D:8      | Reached ** piety under Vehumet
 10474 | D:8      | Reached skill level 10 in Fire Magic
 10474 | D:8      | Reached XP level 10. HP: 39/50 MP: 9/21
 10488 | D:8      | Reached skill level 11 in Dodging
 11244 | D:8      | Found Qotuixi Myaq's Jewellery Shop.
 11427 | D:8      | Reached skill level 12 in Dodging
 11451 | D:8      | Found a staircase to the Lair.
 11595 | D:8      | Offered knowledge of Frozen Ramparts by Vehumet.
 12024 | D:9      | Noticed a two-headed ogre
 12042 | D:9      | Killed a two-headed ogre
 12163 | D:9      | Reached *** piety under Vehumet
 12244 | D:9      | Found a staircase to the Orcish Mines.
 12408 | D:9      | Reached XP level 11. HP: 10/54 MP: 4/22
 12434 | D:9      | HP: 4/81 [gnoll sergeant/+1 spear of venom (4)]
 12447 | D:9      | Offered knowledge of Sticky Flame by Vehumet.
 12497 | D:9      | Reached skill level 13 in Dodging
 13276 | Orc:1    | Entered Level 1 of the Orcish Mines
 13276 | Orc:1    | Noticed an orc knight
 13679 | Lair:1   | Entered Level 1 of the Lair of Beasts
 13751 | Lair:1   | Mangled by a cane toad

Illustrated notes

Levels and vault maps discovered:
D:1:      lightli_arrival_isolated_outpost, layout_basic,
          shapermc_ecumenical_altar_mp_urbaneastern
D:2:      layout_rooms
D:3:      layout_loops_cross
D:4:      layout_basic, temple_pool_b, gammafunk_ghost_icy, nicolae_titane,
          uniq_edmund
D:5:      layout_basic, uniq_crazy_yiuf_cottage, uniq_blork_the_orc,
          uniq_duvessa
D:6:      layout_basic, uniq_pikel
D:7:      layout_loops_ring, enter_bailey_7
D:8:      layout_loops_ring, erik_lair_island, serial_shops, shop_statue
D:9:      layout_basic, erik_orc_4, serial_library,
          serial_library_hellmonk_recessed_alcove,
          serial_library_hellmonk_h_bend, serial_library_hellmonk_room_b,
          serial_library_hellmonk_statue_hall,
          serial_library_regret_index_small_wings,
          serial_library_hellmonk_recessed_alcove, lemuel_flamethrower_1
Temple:   nicolae_temple_bog_church
Lair:1:   layout_gridlike
Orc:1:    layout_caves

Skill      XL: |  1  2  3  4  5  6  7  8  9 10 11 |
---------------+----------------------------------+-----
Stealth        | 3 4 5 6 |  6.3
Dodging        | 3 4 5 8 10 12 13 | 13.2
Conjurations   | 2 3 4 |  4.9
Spellcasting   | 4 5 6 |  6.4
Fire Magic     | 4 5 7 10 12 | 12.4

Action                     |  1- 3 |  4- 6 |  7- 9 | 10-12 || total
---------------------------+-------+-------+-------+-------++-------
  Melee: Quarterstaff      |     1 |     9 |       |       ||    10
         Kick              |       |     1 |     1 |       ||     2
         Mace              |       |       |    11 |     9 ||    20
   Cast: Foxfire           |   163 |    68 |   208 |   212 ||   651
         Scorch            |     6 |    25 |    80 |    52 ||   163
         Flame Wave        |       |       |     5 |    10 ||    15
         Volatile Blastmot |       |       |     2 |     1 ||     3
         Searing Ray       |       |       |       |     5 ||     5
    Use: Scroll            |     6 |     7 |     6 |     1 ||    20
         Potion            |       |     3 |     1 |     9 ||    13
   Stab: Sleeping          |       |       |     1 |       ||     1
 Armour: Robe              |    15 |    21 |    41 |    56 ||   133
         Skin              |       |       |       |     6 ||     6
  Dodge: Dodged            |    21 |    24 |    68 |    94 ||   207
